Unix NetHack Version 5.0.0-0 post-release - last build May 23 2026 06:08:33 (1c0ff79ee797540d5714e4e18072db0edd9e58ae,branch:main).

Game began 2026-05-20 06:33:23, ended 2026-05-24 20:16:15.

7spoons, lawful female human Valkyrie

 -----------------------------------------------------------------------------
 |.....|}}}}}}}}}...........%.................................}}}}}}}}}|0....|
 |.---.|}-------}}}}}}}}}}}}}}}}}}}}}}}}}}}}}}}}}}}}}}}}}}}}}}}-------}|.....|
 |.|...|}|.....|-----------------------------------------------|.....|}|^....|
 |.|.-.|}|.....-..............................%..).............-.....|&|.....|
 |.|...|}-----------------------------.-------------------------------}|.....|
 |.|0...}}}}}}|%%%%%%%+.-.......|......................|........|}}}}}}|.....|
 |.|.........}|%%%%.%%|.|*......|...........|..........|........|}...........|
 |...........}|--------|--------|...........|----------|........|}......*....|
 |.....[......-^..^...^...^....)[.\.........-...[......-....{...#}........*..|
 |----.|)....}|--------|--------|...........|----------|........|}...$.......|
 |...|.|.....}|[[[[[[.|.|.......|((.........|..........|........|}......*...*|
 |.|.|.|}}}}}}|[[.[.[[-.[.......|..............(.......|........|}}}}}}......|
 |.|...|}-----------------------------.-------------------------------}.*....|
 |.---.|}|.....-.............................%.................-.....|}.....)|
 |.....|}|.....|-----------------------------------------------|..?..|}.[.<.*|
 |----.|}-------}}}}}}}}}}}}}}}}}}}}}}}}}}}}}}}}}}}}}}}}}}}}}}}-------}...)..|
 |.....|}}}}}}}}}.............................................}}}}}}}}}..(...|
 -----------------------------------------------------------------------------
7spoons the Warrior         St:18/24 Dx:17 Co:18 In:9 Wi:13 Ch:9  Lawful
Dlvl:25 $:0  HP:0(116) Pw:35(35) AC:-17 Xp:14 T:38410 

Latest messages:
 You finish your dressing maneuver.
 You feel yourself speed up a bit more.
 f - a violet gem.
 You see here an orcish helm.
 You see here a black gem.
 g - a black gem.
 The fiery blade burns the dust vortex!
 The dust vortex just misses!
 The dust vortex misses!
 The fiery blade burns the dust vortex!
 You destroy the dust vortex!
 You see here a vellum spellbook.
 s - a vellum spellbook.
 What do you want to use or apply? [eh-jln-qsu-yAEJR or ?*]
 You put an elven dagger into the bag.
 You put an elven dagger into the bag.
 You put a vellum spellbook into the bag.
 You put a black gem into the bag.
 You put a violet gem into the bag.
 What do you want to take off? [cdkmX or ?*]
 You finish taking off your boots.
 You feel yourself slow down a bit.
 What do you want to wear? [kKU or ?*]
 You finish your dressing maneuver.
 You hear water falling on coins.
 That boulder is a giant mimic!
 The fiery blade burns the giant mimic!
 The fiery blade burns the giant mimic!
 You kill the giant mimic!
 You see here a giant mimic corpse.
 You swap places with the peaceful guardian naga.
 You hear bubbling water.
 You avoid stepping into the moat.
 You avoid stepping into the moat.
 You avoid stepping into the moat.
 You feel very attracted to the incubus.
 The incubus murmurs in your ear, while helping you undress.
 "Shall I remove your cloak, lover?" [yn] (n)
 "Take off your boots; let me rub your feet."
 You fall into the moat!
 You sink like a rock.
 The grease on your gray dragon scale mail washes off.
 Your magic lamp goes out!
 Your potions of extra healing dilute.
 You drown.
 Do you want your possessions identified? [ynq] (y)
 Do you want to see your attributes? [ynq] (y)
 Do you want an account of creatures vanquished? [ynaq] (y)
 Do you want to see your conduct and achievements? [ynq] (y)
 Do you want to see the dungeon overview? [ynq] (y)

Inventory:
 Amulets  ('"')
  r - an uncursed amulet of reflection (being worn)
 Weapons  (')')
  M - 8 +3 daggers (at the ready)
  C - the rustproof +5 Fire Brand (weapon in right hand)
 Armor    ('[')
  m - a blessed +0 dwarvish iron helm (being worn)
  X - a blessed +4 pair of leather gloves (being worn)
  K - an uncursed -1 pair of levitation boots
  k - a blessed +4 pair of speed boots
  c - an uncursed burnt +3 small shield (being worn)
  d - an uncursed +0 cloak of protection (being worn)
  B - a blessed +3 Hawaiian shirt with a hibiscus flower motif (being worn)
  a - a blessed rotproof +2 gray dragon scale mail (being worn)
 Comestibles  ('%')
  L - an uncursed slime mold
  Y - an uncursed lizard corpse
 Potions  ('!')
  G - 2 blessed diluted potions of extra healing
 Rings    ('=')
  N - an uncursed ring of conflict
  O - an uncursed ring of shock resistance
 Wands    ('/')
  A - a wand of cold (0:4)
  e - a wand of digging (0:4)
  i - a wand of fire (0:5)
  y - a wand of light (0:9)
  u - a cursed wand of magic missile (0:0)
  n - a blessed wand of make invisible (0:6)
  l - a wand of make invisible (0:6)
  j - a wand of nothing (0:13)
  h - a wand of sleep (0:3)
  o - a wand of speed monster (0:6)
  p - a wand of striking (0:0)
 Tools    ('(')
  q - a blessed greased bag of holding containing 42 items
  v - an uncursed blindfold
  w - a blessed magic lamp
  R - a +0 pick-axe
  x - an uncursed skeleton key
  E - an uncursed stethoscope
  J - a blessed +0 unicorn horn
 Gems/Stones  ('*')
  Z - a blessed luckstone

Contents of the bag of holding:
  804 gold pieces
  a cursed amulet of ESP
  a blessed +0 dagger
  10 +0 daggers
  a +0 elven dagger
  a cursed +0 elven dagger
  the rustproof +0 Mjollnir
  an uncursed +0 pair of gauntlets of dexterity
  an uncursed +0 pair of gauntlets of dexterity
  an uncursed +0 robe
  an uncursed +0 set of blue dragon scales
  an uncursed +0 set of orange dragon scales
  2 uncursed C-rations
  an uncursed cram ration
  3 uncursed food rations
  an uncursed fortune cookie
  an uncursed K-ration
  2 uncursed tins of large mimic meat
  2 blessed scrolls of create monster
  a cursed scroll of identify
  an uncursed spellbook of charm monster
  an uncursed spellbook of create familiar
  3 blessed potions of extra healing
  2 blessed potions of full healing
  an uncursed potion of gain level
  an uncursed potion of healing
  an uncursed potion of invisibility
  an uncursed potion of levitation
  2 potions of holy water
  an uncursed ring of searching
  a wand of wishing (0:1)
  an uncursed magic whistle
  an uncursed towel
  an uncursed aquamarine stone
  3 uncursed worthless pieces of black glass
  an uncursed worthless piece of blue glass
  2 uncursed worthless pieces of green glass
  3 uncursed worthless pieces of red glass
  2 uncursed worthless pieces of violet glass
  an uncursed worthless piece of white glass
  an uncursed worthless piece of yellow glass
  2 uncursed worthless pieces of yellowish brown glass

7spoons the Valkyrie's attributes:

Background:
 You were a Warrior, a level 14 human Valkyrie.
 You were lawful, on a mission for Tyr
 who was opposed by Odin (neutral) and Loki (chaotic).
 You were right-handed.
 You were in the Dungeons of Doom, on level 25.
 You entered the dungeon 38410 turns ago.
 You had 83435 experience points, 76565 more were needed to attain level 15.

Basics:
 You had 0 out of 116 hit points.
 You had all 35 energy points (spell power).
 Your armor class was -17.
 Your wallet was empty, but
 you had 804 zorkmids stashed away in your pack.
 Autopickup was off.

Final Characteristics:
 Your strength was 18/24 (limit:18/100).
 Your dexterity was 17 (limit:18).
 Your constitution was 18 (limit:18).
 Your intelligence was 9 (limit:18).
 Your wisdom was 13 (limit:18).
 Your charisma was 9 (limit:18).

Final Status:
 You were underwater.
 You weren't hungry.
 You were unencumbered.
 You were wielding a long sword.
 You were skilled in long sword and could have enhanced that.

Final Attributes:
 You were piously aligned.
 You were magic-protected.
 You were fire resistant.
 Your items were protected from fire.
 You were cold resistant.
 You were sleep resistant.
 You were disintegration resistant.
 You were poison resistant.
 You were telepathic.
 You were invisible.
 You were stealthy.
 You were protected.
 You were fast.
 You had reflection.
 You were extremely lucky.
 You had extra luck.
 Good luck did not time out for you.
 You are dead.

Miscellaneous:
 You encountered 2 bones levels.
 Total elapsed playing time was 15 hours, 7 minutes and 47 seconds.

Major events:
 Turn
    1: 7spoons the lawful human Valkyrie entered the dungeon
 1238: entered the Gnomish Mines
 1489: attained the rank of Skirmisher (level 3)
 2212: entered Sokoban
 3440: attained the rank of Fighter (level 6)
 5044: reached Mine Town
 8087: acquired the Mines' End luckstone
10436: completed 1st Sokoban level
12511: attained the rank of Woman-at-arms (level 10)
22499: was bestowed with Mjollnir by Tyr
22940: was bestowed with Ogresmasher by Tyr
23631: entered Home 1, the Quest
25252: completed 2nd Sokoban level
25488: completed 3rd Sokoban level
25982: completed 4th Sokoban level
26113: acquired the Sokoban amulet of reflection
27285: was bestowed with Dragonbane by Tyr
29014: was bestowed with Fire Brand by Tyr
33036: made her first wish - "blessed fixed greased +2 gray dragon scale mail", got "a greased gray dragon scale mail"
33944: killed Medusa
36288: wished for "blessed greased bag of holding", got "a greased bag"
37767: attained the rank of Warrior (level 14)
38410: drowned in a moat

Spells:
 Name                 Level Category     Fail Retention
 haste self             3   escape       100%   26%-50%

Skills:
 Fighting Skills
   bare handed combat [Unskilled]
   two weapon combat  [Unskilled]
   riding             [Unskilled]
 Weapon Skills
   dagger             [Expert]
   axe                [Unskilled]
   pick-axe           [Unskilled]
   short sword        [Unskilled]
   broadsword         [Unskilled]
   long sword         [Skilled]
   two-handed sword   [Unskilled]
   saber              [Basic]
   hammer             [Basic]
   quarterstaff       [Unskilled]
   polearms           [Unskilled]
   spear              [Basic]
   trident            [Unskilled]
   lance              [Unskilled]
   sling              [Unskilled]
 Spellcasting Skills
   attack spells      [Unskilled]
   escape spells      [Unskilled]

Voluntary challenges:
 Character rerolling was not enabled.
 You never genocided any monsters.
 You never polymorphed an object.
 You used 2 wishes.
 You did not wish for any artifacts.
 You violated the special Sokoban rules once.
Achievements:
 You entered a shop.
 You entered the Gnomish Mines.
 You attained the rank of Skirmisher.
 You entered Sokoban.
 You attained the rank of Fighter.
 You entered Minetown.
 You entered a temple.
 You completed the Gnomish Mines.
 You attained the rank of Woman-at-arms.
 You completed Sokoban.
 You defeated Medusa.
 You attained the rank of Warrior.

 The Dungeons of Doom: levels 1 to 25
    Level 1:
    Level 2:
       Some fountains, a grave.
    Level 3:
       An armor shop.
       Stairs down to The Gnomish Mines.
    Level 4:
    Level 5:
       Many fountains.
       Oracle of Delphi.
       Final resting place for
          gbast73-Cav-Dwa-Fem-Law, killed by a plains centaur,
          Nestorix-Tou-Hum-Fem-Neu, killed by a giant spider.
    Level 6:
       A general store, a sink.
       Stairs up to Sokoban, level 5.
    Level 7:
       A fountain.
    Level 8:
       Some fountains, a grave.
    Level 9:
    Level 10:
       An armor shop, a fountain.
    Level 11:
       A throne.
       Summoned by the Norn.
       Portal to The Quest.
    Level 12:
       An altar to Tyr.
    Level 13:
       A sink.
    Level 14:
       A fountain, many graves.
    Level 15:
       A fountain.
    Level 16:
       A primitive area.
    Level 17:
       Some fountains.
    Level 18:
       A grave.
    Level 19:
       A temple and an altar, some fountains.
    Level 20:
    Level 21:
       A grave.
    Level 22:
    Level 23:
    Level 24:
    Level 25: <- You were here.
       A throne, a fountain.
       The castle.
       Final resting place for
          you, drowned in a moat.
 The Gnomish Mines: levels 4 to 12
    Level 4:
    Level 5:
       A grave.
       Final resting place for
          jorgejarai-Wiz-Gno-Fem-Neu, killed by a giant ant.
    Level 6:
    Level 7:
       Many shops, a temple and an altar, some fountains.
    Level 8:
    Level 9:
    Level 10:
    Level 11:
    Level 12:
       A fountain.
 The Quest:
    Level 1:
       A fountain.
       Home.
 Sokoban: levels 5 up to 2
    Level 2:
       Solved.
    Level 3:
       Solved.
    Level 4:
       Solved.
    Level 5:
       Solved.


Vanquished creatures:
    Medusa
  a gray dragon
 an orange dragon
  a black dragon
  a blue dragon
  a yellow dragon
  2 minotaurs
  3 baluchitheria
  2 demiliches
  5 stone golems
 an Olog-hai
  3 titanotheres
  a genetic engineer
  2 vampire leaders
  a captain
  a lich
  2 clay golems
  a nurse
  2 lurkers above
  2 frost giants
 an ettin
  2 vampires
  3 lieutenants
 15 ghosts
  a mind flayer
  4 giant mimics
  a long worm
  a zruty
  5 fire giants
  4 ogre tyrants
  5 ice trolls
  2 rock trolls
 an umber hulk
 an elven monarch
  4 doppelgangers
  a large mimic
  4 wumpuses
  a couatl
  7 stalkers
  3 air elementals
  a fire elemental
  6 earth elementals
  a water elemental
  6 hill giants
  a giant mummy
  6 xorns
  3 giant zombies
  2 elf-nobles
 10 sergeants
  9 wargs
  5 small mimics
  a glass piercer
  4 warhorses
  5 xans
  2 ettin mummies
  2 ogre leaders
  5 quantum mechanics
 19 trolls
  a sasquatch
  3 wood golems
  4 sharks
  6 electric eels
  a gelatinous cube
  2 pyrolisks
  a large dog
  6 freezing spheres
  4 flaming spheres
  a shocking sphere
  6 large cats
  5 tigers
  4 gargoyles
  3 dwarf rulers
  a tengu
  3 ochre jellies
  2 leocrottas
  2 energy vortices
  2 mountain centaurs
  6 stone giants
 an elf mummy
  3 human mummies
  7 red nagas
  3 pit vipers
  3 cobras
 13 wraiths
  3 carnivorous apes
  4 ettin zombies
  3 leather golems
  4 Grey-elves
 47 soldiers
  2 watchmen
  2 amorous demons
  3 chameleons
  a crocodile
  9 giant beetles
  6 quivering blobs
  7 cockatrices
  5 wolves
 10 winter wolf cubs
  2 lynxes
  2 panthers
  5 gremlins
  a spotted jelly
  7 leprechauns
 an orc-captain
  3 iron piercers
  2 mumakil
  8 giant spiders
  4 scorpions
  3 horses
  3 ice vortices
  4 black lights
  4 vampire bats
  4 forest centaurs
  5 gnome rulers
  6 orc mummies
  2 dwarf mummies
  6 ogres
  2 brown puddings
  7 rust monsters
  4 owlbears
  9 yetis
  a gold golem
  2 werewolves
  3 Green-elves
  4 giant eels
 14 lizards
  3 chickatrices
  2 dingoes
  7 dogs
  a housecat
  5 jaguars
  2 dwarf leaders
  4 blue jellies
  3 gray unicorns
  a black unicorn
 10 dust vortices
  6 ravens
  5 plains centaurs
  3 gnome mummies
  3 snakes
 13 apes
  9 human zombies
  a rope golem
 12 Woodland-elves
 58 soldier ants
 12 fire ants
 13 bugbears
  4 imps
  3 quasits
  4 wood nymphs
  2 water nymphs
  6 mountain nymphs
  7 Mordor orcs
  2 Uruk-hai
  6 orc shamans
  8 rock piercers
  8 rock moles
  5 ponies
  7 fog clouds
  7 yellow lights
  7 violet fungi
 24 gnome leaders
 15 gnomish wizards
  2 kobold mummies
  a black naga hatchling
  a guardian naga hatchling
  8 gray oozes
  a barrow wight
 13 elf zombies
  6 ghouls
  3 straw golems
  2 paper golems
  3 jellyfish
 10 giant ants
  a little dog
 12 floating eyes
  2 kittens
 17 dwarves
  5 homunculi
  a kobold leader
  2 kobold shamans
 45 hill orcs
 28 rothes
  5 rabid rats
  4 centipedes
  8 giant bats
  2 monkeys
 14 orc zombies
  8 dwarf zombies
  3 wererats
  4 werejackals
 14 iguanas
 14 killer bees
  6 acid blobs
  4 coyotes
  4 gas spores
  9 hobbits
 45 manes
  4 large kobolds
 10 hobgoblins
  8 giant rats
 11 cave spiders
  3 brown molds
  8 yellow molds
  4 green molds
  7 red molds
 81 gnomes
 10 garter snakes
  3 gnome zombies
 13 geckos
 10 jackals
  4 foxes
  5 kobolds
  4 goblins
  3 sewer rats
 12 grid bugs
  3 bats
 10 lichens
  7 kobold zombies
 18 newts
1338 creatures vanquished.

No species were genocided or became extinct.

Game over:
                       ----------
                      /          \
                     /    REST    \
                    /      IN      \
                   /     PEACE      \
                  /                  \
                  |     7spoons      |
                  |      804 Au      |
                  |   drowned in a   |
                  |       moat       |
                  |                  |
                  |                  |
                  |       2026       |
                 *|     *  *  *      | *
        _________)/\\_//(\/(/\)/\//\/|_)_______

Farvel 7spoons the Valkyrie...

You drowned in The Dungeons of Doom on dungeon level 25 with 343566 points,
and 804 pieces of gold, after 38410 moves.
You were level 14 with a maximum of 116 hit points when you drowned.

